 Dungeon Crawl Stone Soup version 0.28.0-47-ge53b351184 (webtiles) character file.

Game seed: 9528636313395407814

825 101zpm the Magician (level 8, -1/56 HPs)
             Began as a Djinni Cinder Acolyte on Apr 30, 2022.
             Was a High Priest of Ignis.
             Slain by a water moccasin (3 damage)
             ... on level 5 of the Dungeon.
             The game lasted 00:11:48 (6184 turns).

101zpm the Magician (Djinni Cinder Acolyte)         Turns: 6184, Time: 00:11:48

Health: -1/56      AC:  5    Str: 13    XL:     8   Next: 17%
Gold:   214        EV: 10    Int: 18    God:    Ignis [*****.] SH:  8 Dex:  9

rFire   + + +      SeeInvis +   n - +3 mace
rCold   + . .      Faith    .   p - +0 buckler
rNeg    . . .      Spirit   .   y - +2 leather armour {rC+}
rPois   ∞          Reflect  +   (no helmet)
rElec   .          Harm     .   (no cloak)
rCorr   .          Rampage  .   (no gloves)
Will    .....                   (boots unavailable)
Stlth   +.........              A - amulet of reflection
HPRegen 0.18/turn               d - ring of see invisible
MPRegen 0.00/turn               g - ring of protection from cold

@: flying
A: sickness immunity, fire resistance 2, cold vulnerability 1, float, innate
caster, HP casting, extra vitality 1
a: Renounce Religion, Fiery Armour, Foxfire Swarm, Rising Flame


You were on level 5 of the Dungeon.
You worshipped Ignis.
Ignis was extremely pleased with you.
You visited 1 branch of the dungeon, and saw 5 of its levels.

You collected 214 gold pieces.

Inventory:

Hand Weapons
 a - a -1 falchion of flaming
 n - a +3 mace (weapon)
Missiles
 l - 2 throwing nets
 o - 13 boomerangs
Armour
 b - a +0 robe
 p - a +0 buckler (worn)
 y - a +2 leather armour of cold resistance (worn)
Jewellery
 d - a ring of see invisible (left hand)
 g - a ring of protection from cold (right hand)
 A - an amulet of reflection (around neck)
Scrolls
 c - 4 scrolls of identify {unknown}
 f - 2 scrolls of immolation {unknown}
 m - 2 scrolls of teleportation {unknown}
 q - a scroll of torment {unknown}
 s - a scroll of brand weapon {unknown}
 u - 2 scrolls of blinking {unknown}
 z - a scroll of amnesia {unknown}
Potions
 e - a potion of degeneration {unknown}
 h - 2 potions of heal wounds {unknown}
 i - 2 potions of mutation {unknown}
 j - a potion of invisibility {unknown}
 k - 3 potions of brilliance {unknown}
 r - 4 potions of curing {unknown}
 t - a potion of might {unknown}
 v - a potion of berserk rage {unknown}
 w - a potion of ambrosia {unknown}
 x - a potion of cancellation {unknown}


   Skills:
 + Level 3.1 Fighting
 + Level 3.1 Long Blades
 + Level 0.1 Armour
 + Level 0.8 Dodging
 + Level 0.7 Stealth
 + Level 0.1 Shields
 + Level 6.7 Spellcasting


You had 13 spell levels left.
You knew the following spells:

 Your Spells              Type           Power      Damage    Failure   Level
a - Scorch                Fire           60%        2d8       1%          2
b - Pain                  Necr           100%       1d9       1%          1
c - Ensorcelled Hibernat  Hex/Ice        60%        N/A       1%          2
d - Call Imp              Summ           30%        N/A       1%          2
Your spell library was empty.

Dungeon Overview and Level Annotations

Branches:
Dungeon (5/15)
 Temple: D:4-7

Altars:
Gozag

Shops:
D:4 *

Annotations:
D:3 1 runed translucent door, Mattiprrivan's ghost, amateur DsIE


Innate Abilities, Weirdness & Mutations

You are immune to sickness and miasma.
You are immune to poison.
Your flesh is very heat resistant. (rF++)
You are vulnerable to cold. (rC-)
You float through the air rather than walking.
You learn spells naturally, not from books.
Your magical power is your life essence.
You have superior vitality. (+4 MHP)


Message History

Flames lash the water moccasin.
The water moccasin is moderately wounded.
The water moccasin's fire resistance burns away.
The water moccasin barely misses you. The gnoll hits you with a +0 club.
The gnoll barely misses you. You block the water moccasin's attack.
Casting: Scorch (safe; 1% risk of failure)
Press: ? - help, Q - select action, (/) - cycle Dir - look around, f - activate Flames lash the gnoll.
The gnoll is lightly wounded.
The gnoll's fire resistance burns away.
The gnoll is no longer more vulnerable to fire.
The water moccasin closely misses you. The gnoll completely misses you.
The gnoll hits you from afar with a +0 halberd!
* * * LOW HITPOINT WARNING * * *
The gnoll is no longer more vulnerable to fire.
You block the water moccasin's attack.
The water moccasin bites you but does no damage.
The water moccasin is no longer more vulnerable to fire.
The gnoll hits you with a +0 club.
* * * LOW HITPOINT WARNING * * *
There is an open door here.
Casting: Scorch (safe; 1% risk of failure)
Confirm with . or Enter, or press ? or * to list all spells.
Aiming: Ensorcelled Hibernation (safe; 1% risk of failure)
Press: ? - help, Shift-Dir - straight line, f - water moccasin
Aim: a water moccasin (moderately wounded, chance to affect: 60%)
The water moccasin resists with significant effort.
* * * LOW HITPOINT WARNING * * *
The water moccasin closely misses you. You block the water moccasin's attack.
You are too injured to fight recklessly!
Casting: Scorch (safe; 1% risk of failure)
Press: ? - help, Q - select action, (/) - cycle Dir - look around, f - activate Flames lash the gnoll.
You kill the gnoll!
* * * LOW HITPOINT WARNING * * *
The water moccasin bites you.
* * * LOW HITPOINT WARNING * * *
The water moccasin barely misses you. The water moccasin bites you.
You die...

##.....## ##.....##
##.)...# ###'###
#.....# #.....#
+.(g(.+ #..S..#
#...###. #.†@..#
#....... ###'###
#....... #.....##
+....... ##.....##
#....... ##.....##
#....... ##.....##
#.......
##..†..###.......
#######'####..#...##
..............#.#.#.


You could see a water moccasin and a gnoll.

Vanquished Creatures
  Eustachio (D:4)
  An ogre (D:5)
  3 scorpions (D:5)
  A jelly (D:5)
  A hound (D:5)
  A centaur skeleton (D:3)
  Terence (D:3)
  Natasha (thrice) (D:4)
  An iguana (D:4)
  2 orc wizards (D:3)
  3 gnolls (D:5)
  5 adders
  An ufetubus (D:4)
  4 worms
  4 dart slugs
  3 orcs
  7 bats
  8 endoplasms
  6 giant cockroaches
  3 goblins
  5 hobgoblins
  6 kobolds
  3 quokkas
  11 ball pythons
  9 frilled lizards
  3 rats
96 creatures vanquished.

Notes
Turn   | Place    | Note
-------+----------+-------------------------------------------
     0 | D:1      | 101zpm the Djinni Cinder Acolyte began the quest for the
                  | Orb.
     0 | D:1      | Reached XP level 1. HP: 20/20 MP: 0/0
   172 | D:1      | Reached XP level 2. HP: 24/25 MP: 0/0
   213 | D:1      | HP: 1/25 [frozen (4)]
   881 | D:1      | Reached XP level 3. HP: 17/30 MP: 0/0
   881 | D:1      | Learned a level 1 spell: Pain
  1356 | D:1      | Found a faded altar of an unknown god.
  1359 | D:1      | Reached skill level 3 in Spellcasting
  2112 | D:2      | Reached XP level 4. HP: 26/35 MP: 0/0
  3124 | D:3      | Reached XP level 5. HP: 32/40 MP: 0/0
  3124 | D:3      | Learned a level 2 spell: Ensorcelled Hibernation
  3270 | D:3      | Noticed Terence
  3276 | D:3      | Killed Terence
  3277 | D:3      | Reached skill level 4 in Spellcasting
  3498 | D:3      | Found an opulent altar of Gozag.
  3499 | D:3      | Found an opulent altar of Gozag.
  3504 | D:3      | Found an opulent altar of Gozag.
  3511 | D:3      | Found an opulent altar of Gozag.
  3585 | D:3      | Found a runed translucent door.
  3585 | D:3      | Noticed Mattiprrivan's ghost (amateur DsIE)
  3985 | D:3      | Reached XP level 6. HP: 33/46 MP: 0/0
  4502 | D:4      | Noticed Natasha
  4507 | D:4      | Killed Natasha
  4618 | D:4      | Noticed Natasha
  4623 | D:4      | Killed Natasha
  4624 | D:4      | Reached skill level 5 in Spellcasting
  4630 | D:4      | Noticed Eustachio
  4968 | D:4      | Killed Eustachio
  4969 | D:4      | Reached XP level 7. HP: 44/50 MP: 0/0
  4969 | D:4      | Learned a level 2 spell: Call Imp
  5121 | D:4      | Noticed Natasha
  5124 | D:4      | Killed Natasha
  5398 | D:4      | Found Ityonoti's CLEARANCE SALE!.
  5431 | D:5      | Entered Level 5 of the Dungeon
  5528 | D:5      | Reached skill level 6 in Spellcasting
  6037 | D:5      | Reached XP level 8. HP: 39/56 MP: 0/0
  6180 | D:5      | HP: 1/56 [water moccasin (3)]
  6184 | D:5      | Slain by a water moccasin

Illustrated notes

Levels and vault maps discovered:
D:1:      giann_bridges, layout_rooms, dreamdust_ecumenical_altar_grove
D:2:      layout_basic, dk_noncrumbling_4
D:3:      layout_loops_ring, nicolae_gozag_conspicuous_consumption,
          hellmonk_ghost_happy_afterlife, uniq_terence
D:4:      layout_rooms, nicolae_shop_clearance, uniq_eustachio, uniq_natasha
D:5:      nicolae_cairo_tiling_large, layout_rooms, minmay_quadrilaterals

Skill      XL: |  1  2  3  4  5  6  7 |
---------------+----------------------+-----
Long Blades    | 3 |  3.1
Spellcasting   | 3 4 5 6 |  6.7
Fighting       | |  3.1
Armour         | |  0.1
Dodging        | |  0.8
Stealth        | |  0.7
Shields        | |  0.1

Action                   |  1- 3 |  4- 6 |  7- 9 || total
-------------------------+-------+-------+-------++-------
Melee: Falchion          |    34 |       |       ||    34
 Cast: Scorch            |    37 |    82 |    36 ||   155
       Pain              |       |     8 |       ||     8
       Ensorcelled Hiber |       |     5 |     2 ||     7
Armor: Robe              |     7 |     3 |       ||    10
       Leather armour    |       |       |     6 ||     6
Dodge: Dodged            |    27 |    14 |    11 ||    52
Block: Buckler           |       |     1 |     9 ||    10
